 Dungeon Crawl Stone Soup version 0.28-a0-381-g937acc2988 (webtiles) character file.

Game seed: 7928139918863679972

154 Archison the Poker (level 5, -2/47 HPs)
             Began as a Minotaur Berserker on Sept 1, 2021.
             Was a Believer of Trog.
             Slain by a scorpion (9 damage)
             ... on level 4 of the Dungeon.
             The game lasted 00:09:03 (4154 turns).

Archison the Poker (Minotaur Berserker)             Turns: 4154, Time: 00:09:03

Health: -2/47      AC:  2    Str: 22    XL:     5   Next: 13%
Magic:  4/4        EV: 12    Int:  4    God:    Trog [**....]
Gold:   162        SH:  0    Dex: 10    Spells: 4/4 levels left

rFire   . . .      SeeInvis .   a - +0 spear
rCold   . . .      Faith    .   (no shield)
rNeg    . . .      Spirit   .   b - +0 animal skin
rPois   .          Reflect  .   (helmet restricted)
rElec   .          Harm     .   (no cloak)
rCorr   .          Rampage  .   (no gloves)
Will    .....                   (no boots)
Stlth   +.........              (no amulet)
HPRegen 0.15/turn               (no ring)
MPRegen 0.09/turn               (no ring)

@: lethally poisoned (-2 -> -11)
A: horns 2, retaliatory headbutt
a: Renounce Religion, Berserk, Trog's Hand


You were on level 4 of the Dungeon.
You worshipped Trog.
Trog was pleased with you.
You visited 1 branch of the dungeon, and saw 4 of its levels.

You collected 162 gold pieces.

Inventory:

Hand Weapons
 a - a +0 spear (weapon)
Armour
 b - a +0 animal skin (worn)
Wands
 p - a wand of flame (16)
Scrolls
 c - a scroll of teleportation
 d - 2 scrolls of blinking {unknown}
 f - a scroll of immolation {unknown}
 h - 5 scrolls of identify {unknown}
 i - a scroll of enchant armour {unknown}
 l - a scroll of silence {unknown}
 n - a scroll of torment {unknown}
 o - a scroll of acquirement {unknown}
Potions
 g - 2 potions of lignification
 j - 2 potions of magic {unknown}
 k - a potion of berserk rage {unknown}


   Skills:
 + Level 4.5 Fighting
 * Level 5.2(5.3) Polearms
 - Level 1.2(3.5) Staves
 * Level 3.2 Armour
 * Level 3.1 Dodging
 + Level 0.2 Stealth


You had 4 spell levels left.
You didn't know any spells.
Your spell library was empty.

Dungeon Overview and Level Annotations

Branches:
Dungeon (4/15)
 Temple: D:4-7

Altars:
Cheibriados
Vehumet


Innate Abilities, Weirdness & Mutations

You have a pair of horns on your head.
You reflexively headbutt those who attack you in melee.


Message History

You feel sick. The scorpion stings you!
You are more poisoned.
The scorpion poisons you!
You closely miss the scorpion.
The scorpion is almost dead.
You feel very sick. The scorpion stings you!
You feel very sick.
* * * LOW HITPOINT WARNING * * *
You feel very sick. The scorpion barely misses you.
You feel much better.
You feel sick. The scorpion stings you!
You closely miss the scorpion. Your headbutt misses the scorpion.
The scorpion is almost dead.
You feel sick. The scorpion stings you.
A necrophage comes into view.
You feel sick.
You feel sick.
An adder comes into view.
You feel sick.
The adder hisses angrily.
The scorpion closely misses you. You furiously retaliate!
You headbutt the scorpion, but do no damage.
You feel sick.
You feel sick.
You feel sick. The adder barely misses you. You furiously retaliate!
You headbutt the adder! The adder barely misses you.
You feel sick.
You are no longer poisoned.
The scorpion stings you.
* * * LOW HITPOINT WARNING * * *
You are lethally poisoned!
The scorpion poisons you! The adder completely misses you.
The scorpion misses you.
You closely miss the adder.
The adder is severely wounded.
* * * LOW HITPOINT WARNING * * *
You feel very sick. The adder barely misses you. The scorpion stings you!
You die...

#. # #.# #.# ###.####.#
..?...#.# #......##
####.......#
#.###..>....#..# .
..........S@#..#######..
........<.#.s..#........
..........#.o.on........
.......#.......o........
.......#.......#o#####.
............##.#.#
###########.#..#.#
#.#.##o# #......#


You could see a necrophage, a scorpion, an orc priest, an adder and 3 orcs.

Vanquished Creatures
  An orc wizard (D:3)
  4 adders
  2 worms
  A dart slug (D:1)
  8 orcs (D:3)
  3 ball pythons
  5 endoplasms
  2 giant cockroaches
  9 goblins
  5 hobgoblins
  5 jackals
  2 quokkas (D:1)
  5 bats
  6 frilled lizards
  11 kobolds
  6 rats
75 creatures vanquished.

Notes
Turn   | Place    | Note
-------+----------+-------------------------------------------
     0 | D:1      | Archison the Minotaur Berserker began the quest for the
                  | Orb.
     0 | D:1      | Reached XP level 1. HP: 19/19 MP: 0/0
    39 | D:1      | Reached XP level 2. HP: 11/27 MP: 1/1
   263 | D:1      | Reached skill level 4 in Polearms
   866 | D:1      | Reached XP level 3. HP: 33/33 MP: 2/2
  1188 | D:2      | Reached ** piety under Trog
  1508 | D:2      | Reached skill level 1 in Staves
  1924 | D:2      | Found a faded altar of an unknown god.
  2006 | D:2      | Reached XP level 4. HP: 25/41 MP: 3/3
  2965 | D:3      | Found a snail-covered altar of Cheibriados.
  3075 | D:3      | Found a radiant altar of Vehumet.
  3530 | D:3      | Reached skill level 5 in Polearms
  3578 | D:3      | Reached XP level 5. HP: 31/47 MP: 4/4
  4147 | D:4      | Noticed a necrophage
  4154 | D:4      | Slain by a scorpion

Illustrated notes

Levels and vault maps discovered:
D:1:      scummos_arrival_hexagon, layout_basic, chequers_mini_garden
D:2:      layout_basic, dreamdust_ecumenical_altar_angels_and_demons
D:3:      layout_rooms, vehumet_altar_wand_db, cheibrodos_worm_habitat,
          kennysheep_generic_room_7
D:4:      layout_loops_cross, led_sif_book, uniq_crazy_yiuf_cottage

Skill      XL: |  1  2  3  4 |
---------------+-------------+-----
Polearms       | 4 5 |  5.2
Fighting       | 4 |  4.5
Staves         | 1 |  1.2
Armour         | 3 |  3.2
Dodging        | 3 |  3.1
Stealth        | |  0.2

Action                   |  1- 3 |  4- 6 || total
-------------------------+-------+-------++-------
Melee: Spear             |    87 |    84 ||   171
       Headbutt          |    16 |    12 ||    28
  Use: Potion            |       |     7 ||     7
       Scroll            |       |     1 ||     1
Armor: Animal skin       |    12 |     7 ||    19
       Skin              |       |    40 ||    40
Dodge: Dodged            |    51 |    83 ||   134

Table legend: (Time is in decaauts)
 A = Elapsed time spent in this place.
 B = Non-inter-level travel time spent in this place.
 C = Inter-level travel time spent in this place.
 D = Time resting spent in this place.
 E = Time spent auto-exploring this place.
 F = Levels seen in this place.
 G = Mean time per level.
                   A        B        C        D        E       F      G
               +--------+--------+--------+--------+--------+-----+--------+
         Total |   4146 |   4088 |     58 |   1092 |   2150 |   4 | 1036.5 |
       Dungeon |   4146 |   4088 |     58 |   1092 |   2150 |   4 | 1036.5 |
               +--------+--------+--------+--------+--------+-----+--------+

Top non-repeatable levels by time:
     D:2: 1873 daAuts
     D:1: 1218 daAuts
     D:3: 1016 daAuts
     D:4: 37 daAuts
